 Dungeon Crawl Stone Soup version 0.15.2 (webtiles) character file.

803 Chiseanne the Magician (level 7, -2/48 HPs)
             Began as a Demonspawn Transmuter on Dec 19, 2014.
             Killed from afar by an orc (8 damage)
             ... with a wand of magic darts
             ... on Level 6 of the Dungeon.
             The game lasted 00:20:14 (6642 turns).

Chiseanne the Magician (Demonspawn Transmuter)      Turns: 6642, Time: 00:20:14

HP  -2/48        AC  2     Str 17      XL: 7   Next: 59%
MP   0/19        EV 19     Int 14      God:
Gold 275         SH  0     Dex 19      Spells:  3 memorised,  8 levels left

rFire  + . .     SeeInvis .     a - melded +1 spear (flame)
rCold  . . .     Clarity  .     j - melded +1 leather armour
rNeg   . . .     rCorr    .     (shield currently unavailable)
rPois  .         rRot     .     r - melded +0 helmet
rElec  .         Spirit   +     (cloak currently unavailable)
SustAb .         Warding  .     (gloves currently unavailable)
rMut   .         Stasis   .     o - melded +0 pair of boots
Gourm  .                        (no amulet)
MR     .....                    i - ring of protection from fire
                                g - ring of poison resistance

@: mighty, spider-form, not resistant to hostile enchantments, unstealthy
A: (iridescent scales 0), slow healing 1, (spiny 0), magic shield
a: End Transformation


You were on level 6 of the Dungeon.
You were hungry.
You were in spider-form.
You visited 1 branch of the dungeon, and saw 6 of its levels.

You collected 275 gold pieces.

Inventory:

Hand weapons
 a - a +1 spear of flaming (melded)
Missiles
 b - 12 arrows
 k - 44 bolts
 n - 3 javelins
 q - 5 tomahawks
 s - a throwing net (quivered)
Armour
 j - a +1 leather armour (melded)
 o - a +0 pair of boots (melded)
 r - a +0 helmet (melded)
Comestibles
 c - 2 fruits
 f - 3 meat rations
 h - a slice of pizza
 w - a beef jerky
 y - 5 bread rations
Scrolls
 p - 3 scrolls of fear
 t - a scroll of blinking
 u - 2 scrolls of immolation
 x - 2 scrolls of identify
 z - a scroll of remove curse
Jewellery
 g - a ring of poison resistance (left front leg)
 i - a ring of protection from fire (right front leg)
Potions
 e - 2 potions of cancellation
 m - 2 potions of restore abilities
 v - a potion of might
 C - a potion of confusion
Books
 d - a book of Changes

   Spells                             Type                      Level
   *Beastly Appendage                 Transmutation                1
   Sticks to Snakes                   Transmutation                2
   *Spider Form                       Transmutation/Poison         3
   Ice Form                           Ice/Transmutation            4
   *Blade Hands                       Transmutation                5
 A - a book of Necromancy

   Spells                             Type                      Level
   Pain                               Necromancy                   1
   Animate Skeleton                   Necromancy                   1
   Vampiric Draining                  Necromancy                   3
   Regeneration                       Charms/Necromancy            3
   Animate Dead                       Necromancy                   4
   Control Undead                     Necromancy                   4


   Skills:
 - Level 1.0 Fighting
 - Level 1.7 Dodging
 - Level 2.6 Unarmed Combat
 * Level 5.9 Spellcasting
 * Level 5.7 Transmutations


You had 8 spell levels left.
You knew the following spells:

 Your Spells              Type           Power        Failure   Level  Hunger
a - Beastly Appendage     Trmt           ###...       6%          1    None
b - Spider Form           Trmt/Pois      ##........   36%         3    ###....
c - Blade Hands           Trmt           ###.......   67%         5    #####..


Dungeon Overview and Level Annotations

Branches:
Dungeon (6/15)
 Temple: D:4-7

Altars:
Ashenzari
Cheibriados
Dithmenos
Elyvilon
Okawaru
Zin

Shops:
D:4 =


Innate Abilities, Weirdness & Mutations

((You are partially covered in iridescent scales (AC +4).))
((You are mostly covered in sharp spines.))
When hurt, damage is shared between your health and your magic reserves.
You heal slowly when monsters are visible.


Message History

You turn into a venomous arachnid creature.
Your +1 spear of flaming melds into your body.
Your +1 spear of flaming stops flaming.
Your +0 helmet melds into your body.
Your +0 pair of boots melds into your body.
Your +1 leather armour melds into your body.
The orc misses you.
An orc comes into view. It is wielding a falchion.
You hit the orc.
You kill the orc!
The orc zaps a wand.
The magic dart hits you!
* * * LOW HITPOINT WARNING * * *
You hear a distant slurping noise.
Drink which item? (? for menu, Esc to quit)
Okay, then.
You see here a club.
Read which item? (? for menu, Esc to quit)
As you read the scroll labeled KUEKUMOLYF, it crumbles to dust.
The scroll dissolves into smoke.
It was a scroll of fog.
The orc zaps a wand.
The magic dart hits you!
You die...

###########
##.........###############.
...........o....)()........
#..........#######.....#.#.
...........######§......o..
>..............§s§........
#..............§§§........
...[............§.........
..##..###########........
.###........# J..###..#
###..........# .####..###
..#.......... .# #.#....
#........... ##.####.......
###.....######).##..........


You could see an orc.

Vanquished Creatures
  An ice beast (D:5)
  Blork the orc (D:6)
  A giant frog (D:6)
  A scorpion (D:6)
  3 iguanas
  An orc priest (D:6)
  3 orc wizards
  Natasha (thrice) (D:3)
  2 worker ants
  Ijyb (D:4)
  2 hound zombies (D:3)
  3 gnolls (D:5)
  A shadow imp (D:5)
  A green rat (D:5)
  A giant mite (D:5)
  3 worms
  An adder zombie (D:3)
  An ooze (D:2)
  17 orcs
  8 bats
  A bat skeleton (D:3)
  4 giant cockroaches
  7 hobgoblins
  9 jackals
  11 kobolds
  2 quokkas
  A giant cockroach zombie (D:3)
  3 giant geckos
  A giant mite zombie (D:3)
  4 giant newts
  A gnoll zombie (D:3)
  18 goblins
  A goblin zombie (D:5)
  A hobgoblin skeleton (D:6)
  2 hobgoblin zombies (D:3)
  A kobold skeleton (D:3)
  An orc skeleton (D:3)
  A quokka zombie (D:3)
  9 rats
  A rat skeleton (D:3)
  A rat zombie (D:3)
135 creatures vanquished.

Notes
Turn   | Place    | Note
--------------------------------------------------------------
     0 | D:1      | Chiseanne, the Demonspawn Transmuter, began the quest for the Orb.
     0 | D:1      | Reached XP level 1. HP: 15/15 MP: 3/3
   776 | D:2      | Gained mutation: You are partially covered in sharp spines. [demonic ancestry]
   776 | D:2      | Reached XP level 2. HP: 18/21 MP: 3/5
  1624 | D:2      | Gained mutation: You are mostly covered in sharp spines. [demonic ancestry]
  1624 | D:2      | Reached XP level 3. HP: 14/26 MP: 4/6
  1858 | D:2      | Found a shadowy altar of Dithmenos.
  1942 | D:2      | Reached skill level 3 in Spellcasting
  2287 | D:3      | Gained mutation: When hurt, damage is shared between your health and your magic reserves. [demonic ancestry]
  2287 | D:3      | Reached XP level 4. HP: 20/32 MP: 7/9
  2491 | D:3      | Noticed Natasha
  2783 | D:3      | Killed Natasha
  2898 | D:3      | Noticed Natasha
  2997 | D:3      | Reached XP level 5. HP: 12/37 MP: 4/12
  3325 | D:3      | Killed Natasha
  3574 | D:3      | Noticed Natasha
  3585 | D:3      | Killed Natasha
  3770 | D:3      | Learned a level 3 spell: Spider Form
  3811 | D:3      | Reached skill level 4 in Spellcasting
  4191 | D:4      | Found Sulyera's Jewellery Shoppe.
  4271 | D:4      | Found a glowing silver altar of Zin.
  4272 | D:4      | Noticed an angel
  4501 | D:4      | Found a snail-covered altar of Cheibriados.
  4501 | D:4      | Found a white marble altar of Elyvilon.
  4501 | D:4      | Found a shattered altar of Ashenzari.
  4775 | D:4      | Noticed Ijyb
  4788 | D:4      | Killed Ijyb
  4819 | D:4      | Learned a level 5 spell: Blade Hands
  4869 | D:5      | Entered Level 5 of the Dungeon
  4869 | D:5      | Noticed an ice beast
  4939 | D:5      | Reached XP level 6. HP: 30/43 MP: 1/15
  5039 | D:5      | Found a shattered altar of Ashenzari.
  5215 | D:5      | Found an iron altar of Okawaru.
  6016 | D:5      | Gained mutation: You heal slowly when monsters are visible. [mutagenic glow]
  6018 | D:5      | Killed an ice beast
  6018 | D:5      | Reached skill level 5 in Spellcasting
  6018 | D:5      | Reached skill level 5 in Transmutations
  6018 | D:5      | Gained mutation: You are partially covered in iridescent scales (AC +4). [demonic ancestry]
  6018 | D:5      | Reached XP level 7. HP: 48/48 MP: 6/18
  6218 | D:6      | Noticed Blork the orc
  6248 | D:6      | Killed Blork the orc
  6642 | D:6      | Killed from afar by an orc

Action                   |  1- 3 |  4- 6 |  7- 9 || total
-------------------------+-------+-------+-------++-------
Melee: Unarmed           |    78 |   315 |    30 ||   423
       Spear             |       |    15 |    26 ||    41
 Cast: Beastly Appendage |    24 |    27 |       ||    51
       Spider Form       |       |    22 |     5 ||    27
       Blade Hands       |       |     1 |       ||     1
  Use: Scroll            |     6 |    11 |     3 ||    20
       Potion            |       |     1 |     4 ||     5
  Eat: Chunk             |     5 |    14 |     3 ||    22
